 Dungeon Crawl Stone Soup version 0.18.1-48-g4cf74bf (webtiles) character file.

5346 Gargoyl the Protected (level 10, -4/69 HPs)
             Began as a Demonspawn Abyssal Knight on Aug 14, 2016.
             Was an Elder of Lugonu.
             Slain by an unseen horror (8 damage)
             ... on level 10 of the Dungeon.
             The game lasted 00:25:47 (8687 turns).

Gargoyl the Protected (Demonspawn Abyssal Knight)   Turns: 8687, Time: 00:25:48

Health: -4/69      AC: 25    Str: 15    XL:     10   Next: 38%
Magic:  0/20       EV:  6    Int: 18    God:    Lugonu [****..]
Gold:   398        SH:  4    Dex: 14    Spells: 0 memorised, 9 levels left

rFire  + . .     SeeInvis .     y - +2 war axe
rCold  . . .     Gourm    .     n - +0 plate armour
rNeg   . . .     Faith    .     q - +0 buckler
rPois  .         Spirit   +     f - +2 helmet
rElec  +         Dismiss  .     (no cloak)
rCorr  .         Reflect  .     (no gloves)
SustAt .         Harm     .     o - +0 pair of boots
MR     .....                    (no amulet)
Stlth  ..........               z - ring of magical power
                                p - +5 ring of intelligence

@: not resistant to hostile enchantments, extremely unstealthy
A: talons 1, iridescent scales 2, fire resistance 1, frail 1, low mp 1, powered
by death 1, electricity resistance, magic shield, MP-powered wands
a: Depart the Abyss, Bend Space, Banish, Corrupt, Renounce Religion


You were on level 10 of the Dungeon.
You worshipped Lugonu.
Lugonu was greatly pleased with you.
You were not hungry.

You visited 1 branch of the dungeon, and saw 10 of its levels.
You visited the Abyss 1 time.

You collected 398 gold pieces.

Inventory:

Hand Weapons
 x - the +7 arbalest "Lifebane" {freeze, rN+ MP-9 Str+2 Int+2}
   (You found it on level 5 of the Dungeon)

   It causes projectiles fired from it to freeze those they strike, causing
   extra injury to most foes and up to half again as much damage against
   particularly susceptible opponents.
   They can also slow down cold-blooded creatures.
   It affects your strength (+2).
   It affects your intelligence (+2).
   It protects you from negative energy.
   It affects your magic capacity (-9).
 y - a +2 war axe (weapon)
Missiles
 a - 12 tomahawks (quivered)
Armour
 f - a +2 helmet (worn)
 n - a +0 plate armour (worn)
 o - a +0 pair of boots (worn)
 q - a +0 buckler (worn)
Jewellery
 p - a +5 ring of intelligence (left hand)
 z - a ring of magical power (right hand)
 B - a cursed ring of teleportation {unknown}
Wands
 m - a wand of confusion (17/48)
 v - a wand of flame (25/48)
Scrolls
 e - 2 scrolls of amnesia
 h - a scroll of teleportation
 i - a scroll of blinking
 j - 3 scrolls of magic mapping
 l - a scroll of fear
 s - 2 scrolls of remove curse
 t - 2 scrolls of recharging
 A - 4 scrolls of identify
Potions
 k - a potion of invisibility
 r - 3 potions of brilliance
 w - 3 potions of lignification {unknown}
 G - a potion of cure mutation {unknown}
Books
 b - a book of Summonings

   Spells                             Type                      Level
   a - Recall                         Summoning/Translocation      3
   b - Aura of Abjuration             Summoning                    5
   c - Summon Demon                   Summoning                    5
   d - Summon Forest                  Summoning/Translocation      5
   e - Summon Mana Viper              Hexes/Summoning              5
   f - Shadow Creatures               Summoning                    6
 C - an Akashic Record

   Spells                             Type                      Level
   a - Dispersal                      Translocation                6
   b - Malign Gateway                 Summoning/Translocation      7
   c - Disjunction                    Translocation                8
   d - Controlled Blink               Translocation                8
Comestibles
 c - 6 bread rations
 d - 5 meat rations
 g - 2 slices of pizza
 u - a royal jelly
 D - 2 beef jerkies


   Skills:
 + Level 6.5 Fighting
 + Level 6.7 Axes
 + Level 0.8 Throwing
 * Level 9.5 Armour
 + Level 5.8 Dodging
 + Level 1.2 Shields
 + Level 4.4 Invocations


You had 9 spell levels left.
You didn't know any spells.

Dungeon Overview and Level Annotations

Branches:
Dungeon (10/15)            Temple (0/1) D:4            Lair (0/8) D:9
    Orc: D:9-12

Altars:
Dithmenos
Okawaru
Qazlal
Sif Muna

Shops:
D:6 :

Annotations:
D:5 traxtorm's ghost, novice MiBe


Innate Abilities, Weirdness & Mutations

You are mostly covered in iridescent scales (AC +6).
You regenerate a little health from kills.
When hurt, damage is shared between your health and your magic reserves.
You have sharp toenails.
Your flesh is heat resistant.
You are frail (-10% HP).
Your magical capacity is low (-10% MP).
You are resistant to electric shocks.
You expend magic power (3 MP) to strengthen your wands.


Message History

You slash something! Something hits you but does no damage.
The two-headed ogre hits you with a giant club! x2
You slash the two-headed ogre!
The two-headed ogre is almost dead.
Something hits you but does no damage. The two-headed ogre barely misses you.
The two-headed ogre hits you with a giant club!
* * * LOW HITPOINT WARNING * * *
You hit the two-headed ogre.
The two-headed ogre is almost dead.
You hit something. You block something's attack.
The two-headed ogre hits you with a giant club!
* * * LOW HITPOINT WARNING * * *
The two-headed ogre hits you with a giant club.
* * * LOW HITPOINT WARNING * * *
You slash the two-headed ogre!
You kill the two-headed ogre!
Lugonu accepts your kill.
You closely miss something. Something hits you but does no damage.
Something hits you!
You die...

## .# .#
####'#### ####
##.....#.#
#%.%###.).<###.+
#%§)#..#.....#.#
#÷÷.@###.###.#.#
###### #.. #..>#
.####'### ##
#..# ###.##
#...# #.###
####'####
#...>...#


There were no monsters in sight!

Vanquished Creatures
  Pikel (D:6)
  A two-headed ogre (D:10)
  Sigmund (D:6)
  2 steam dragons (D:7)
  3 wargs (D:9)
  3 ice beasts
  3 sky beasts
  2 orc warriors
  3 phantoms
  2 necrophages
  2 centaurs
  3 ogres
  3 gnoll sergeants (D:9)
  5 giant frogs
  3 scorpions
  4 howler monkeys
  3 crimson imps
  A centaur zombie (D:7)
  4 hounds
  2 gnoll shamans (D:9)
  A jelly (D:6)
  10 orc wizards
  A quasit (D:6)
  4 orc priests
  A giant frog skeleton (D:5)
  An iguana (D:4)
  5 worker ants
  A hound zombie (D:3)
  A howler monkey zombie (D:7)
  17 gnolls
  A howler monkey skeleton (D:3)
  11 adders
  2 shadow imps
  3 oozes
  6 adder skeletons
  A worm (D:3)
  5 giant geckos
  35 orcs
  5 bats
  6 giant cockroaches
  12 goblins
  12 hobgoblins
  11 jackals
  4 kobolds
  3 quokkas
  A ball python (D:1)
  7 giant newts
  3 jackal skeletons
  12 rats
  A fungus (D:7)
234 creatures vanquished.

Vanquished Creatures (others)
  2 hungry ghosts
  A slave (D:6)
  A scorpion (D:6)
  2 crimson imps
  An adder (D:6)
  A jackal (D:6)
8 creatures vanquished.

Grand Total: 242 creatures vanquished

Notes
Turn   | Place    | Note
--------------------------------------------------------------
     0 | Abyss:1  | Gargoyl the Demonspawn Abyssal Knight began the quest for the Orb.
     0 | Abyss:1  | Reached XP level 1. HP: 18/18 MP: 2/2
    96 | Abyss:1  | Noticed a large abomination
    97 | Abyss:1  | Noticed a quasit
   110 | Abyss:1  | Noticed a ynoxinul
   111 | Abyss:1  | Noticed a bone dragon
   115 | D:1      | Escaped the Abyss
   368 | D:1      | Reached skill level 2 in Armour
   368 | D:1      | Reached skill level 1 in Dodging
   368 | D:1      | Gained mutation: You regenerate a little health from kills. [demonic ancestry]
   368 | D:1      | Reached XP level 2. HP: 24/24 MP: 3/3
   502 | D:1      | Reached * piety under Lugonu
   559 | D:1      | Gained mutation: When hurt, damage is shared between your health and your magic reserves. [demonic ancestry]
   559 | D:1      | Reached XP level 3. HP: 29/29 MP: 4/4
  1093 | D:2      | Reached ** piety under Lugonu
  1093 | D:2      | Gained mutation: You are partially covered in iridescent scales (AC +4). [demonic ancestry]
  1093 | D:2      | Reached XP level 4. HP: 35/37 MP: 5/5
  1804 | D:3      | Reached skill level 3 in Armour
  1804 | D:3      | Reached XP level 5. HP: 41/42 MP: 4/6
  1968 | D:3      | Reached *** piety under Lugonu
  2338 | D:4      | Reached XP level 6. HP: 48/48 MP: 7/7
  2818 | D:4      | Found a staircase to the Ecumenical Temple.
  2941 | D:5      | Entered Level 5 of the Dungeon
  2941 | D:5      | Found a deep blue altar of Sif Muna.
  3280 | D:5      | Reached skill level 4 in Armour
  3301 | D:5      | Got a translucent arbalest
  3303 | D:5      | Identified the +7 arbalest "Lifebane" {freeze, rN+ MP-9 Str+2 Int+2} (You found it on level 5 of the Dungeon)
  3435 | D:5      | Found a shadowy altar of Dithmenos.
  3455 | D:5      | Reached XP level 7. HP: 55/55 MP: 6/9
  3735 | D:5      | Noticed traxtorm's ghost (novice MiBe)
  3882 | D:6      | Noticed Pikel
  3906 | D:6      | Killed Pikel
  3906 | D:6      | Reached skill level 5 in Fighting
  3906 | D:6      | Reached skill level 5 in Armour
  3906 | D:6      | Reached XP level 8. HP: 51/62 MP: 10/10
  3921 | D:6      | Found a stormy altar of Qazlal.
  3924 | D:6      | Noticed an air elemental
  3961 | D:6      | Reached skill level 6 in Armour
  3985 | D:6      | Noticed Sigmund
  4003 | D:6      | Killed Sigmund
  4032 | D:6      | Found Iwkot's Book Shoppe.
  4158 | D:6      | Reached **** piety under Lugonu
  4755 | D:7      | Reached skill level 7 in Armour
  4835 | D:7      | HP: 3/63 [steam dragon (4)]
  4836 | D:7      | Reached skill level 5 in Axes
  4836 | D:7      | Reached XP level 9. HP: 3/68 MP: 0/11
  6105 | D:7      | Reached skill level 5 in Dodging
  6890 | D:8      | Reached skill level 8 in Armour
  6990 | D:8      | Gained mutation: You expend magic power (3 MP) to strengthen your wands. [mutagenic meat]
  6991 | D:8      | Gained mutation: You are resistant to electric shocks. [mutagenic meat]
  6992 | D:8      | Gained mutation: Your flesh is heat resistant. [mutagenic meat]
  6993 | D:8      | Gained mutation: You are frail (-10% HP). [mutagenic meat]
  6994 | D:8      | Gained mutation: Scrolls take you a little longer to read. [mutagenic meat]
  7856 | D:9      | Gained mutation: You are mostly covered in iridescent scales (AC +6). [demonic ancestry]
  7856 | D:9      | Reached XP level 10. HP: 68/68 MP: 13/13
  8006 | D:9      | Gained mutation: You have sharp toenails. [mutagenic meat]
  8007 | D:9      | Lost mutation: Scrolls take you a little longer to read. [mutagenic meat]
  8008 | D:9      | Gained mutation: Your magical capacity is low (-10% MP). [mutagenic meat]
  8114 | D:9      | Found a staircase to the Lair.
  8137 | D:9      | Reached skill level 9 in Armour
  8188 | D:9      | Reached skill level 1 in Shields
  8462 | D:9      | Found an iron altar of Okawaru.
  8610 | D:10     | Entered Level 10 of the Dungeon
  8686 | D:10     | HP: 2/69 [two-headed ogre/giant club (3)]
  8687 | D:10     | Slain by an unseen horror

Skill      XL: |  1  2  3  4  5  6  7  8  9 10 |
---------------+-------------------------------+-----
Armour         | 2 3 4 5 7 8 9 |  9.5
Dodging        | 1 2 3 4 5 |  5.8
Axes           | 2 3 4 5 6 |  6.7
Fighting       | 4 5 6 |  6.5
Invocations    | 4 |  4.4
Shields        | 1 |  1.2
Throwing       | |  0.8

Action                   |  1- 3 |  4- 6 |  7- 9 | 10-12 || total
-------------------------+-------+-------+-------+-------++-------
Melee: Hand axe          |   121 |   341 |    14 |       ||   476
       War axe           |       |       |   585 |   216 ||   801
Throw: Tomahawk          |       |       |     8 |       ||     8
Invok: Depart the Abyss  |     1 |       |       |       ||     1
       Banish            |       |     2 |     4 |     1 ||     7
       Bend Space        |       |       |     3 |       ||     3
  Use: Scroll            |     3 |     8 |     4 |     6 ||    21
       Potion            |       |       |    14 |     1 ||    15
  Eat: Chunk             |     1 |     8 |    21 |     9 ||    39
       Fruit             |       |       |     3 |       ||     3
Armor: Leather armour    |    54 |     6 |       |       ||    60
       Ring mail         |       |    57 |       |       ||    57
       Scale mail        |       |   191 |   406 |       ||   597
       Plate armour      |       |       |   181 |   223 ||   404
Dodge: Dodged            |    81 |   241 |   416 |    75 ||   813
Block: Buckler           |       |       |    38 |    50 ||    88
